 Dungeon Crawl Stone Soup version 0.30-a0-1163-gf69bf04e7a (webtiles) character file.

Game seed: 12617181783814154602

10719 funkygono the Cleaver (level 11, 0/99 HPs)
             Began as a Minotaur Fighter on Apr 27, 2023.
             Was a High Priest of Okawaru.
             Slain by a very large slime creature (12 damage)
             ... on level 11 of the Dungeon on Apr 28, 2023.
             The game lasted 00:18:11 (9826 turns).

funkygono the Cleaver (Minotaur Fighter)            Turns: 9826, Time: 00:18:12

Health: 0/99       AC: 20    Str: 25    XL:     11   Next: 39%
Magic:  9/11       EV: 12    Int:  5    God:    Okawaru [*****.]
Gold:   679        SH: 12    Dex: 10    Spells: 10/10 levels left

rFire   + . .        J - +10 broad axe (elec)
rCold   + . .        c - +0 buckler
rNeg    . . .        z - +4 chain mail {rC+}
rPois   .            (helmet restricted)
rElec   .            y - +2 cloak {Stlth+}
rCorr   .            (no gloves)
SInv    +            (no boots)
Will    .....        t - amulet of reflection
Stlth   ++           O - ring of see invisible
HPRegen 0.36/turn    M - ring of protection from fire
MPRegen 0.12/turn

%: reflection
@: heroic
A: horns 2, retaliatory headbutt
a: Renounce Religion, Heroism, Finesse, Duel


You were on level 11 of the Dungeon.
You worshipped Okawaru.
Okawaru was extremely pleased with you.
You visited 2 branches of the dungeon, and saw 12 of its levels.
You also visited: Ossuary and Bailey.

You collected 679 gold pieces.

Inventory:

Hand Weapons
 a - a +2 heavy war axe
 J - a +10 broad axe of electrocution (weapon)
Missiles
 g - 31 poisoned darts
 D - 6 silver javelins
 G - 19 boomerangs (quivered)
 K - 6 javelins
Armour
 c - a +0 buckler (worn)
 l - the scarf of Fashionability {harm, rC+ Str+3}
   (You found it on level 7 of the Dungeon)

   Str:       It affects your strength (+3).
   rC:        It protects you from cold.
 q - a +3 chain mail
 y - a +2 cloak of stealth (worn)
 z - a +4 chain mail of cold resistance (worn)
 P - the +0 plate armour of the Sky {Int+4}
   (Okawaru gifted it to you on level 7 of the Dungeon)

   Int:       It affects your intelligence (+4).
Jewellery
 t - an amulet of reflection (around neck)
 B - an amulet of faith
 M - a ring of protection from fire (right hand)
 O - a ring of see invisible (left hand)
Wands
 u - a wand of polymorph (14)
 I - a wand of flame (13)
 N - a wand of quicksilver (4)
Scrolls
 e - 3 scrolls of enchant weapon
 h - 6 scrolls of teleportation
 i - 5 scrolls of enchant armour
 m - 4 scrolls of identify
 o - a scroll of amnesia
 p - a scroll of poison
 r - 4 scrolls of blinking
 s - 2 scrolls of fear
 x - a scroll of fog
Potions
 b - 5 potions of invisibility
 d - 6 potions of might
 f - 4 potions of heal wounds
 j - 10 potions of attraction
 k - 11 potions of curing
 n - 5 potions of lignification
 v - a potion of magic
 w - a potion of berserk rage
 A - 2 potions of resistance
 C - 4 potions of flight
 E - 6 potions of haste
 F - 4 potions of mutation
 H - 2 potions of brilliance
 L - a potion of experience


   Skills:
 + Level 9.9(14.9) Fighting
 + Level 14.5(19.5) Axes
 + Level 2.0(7.0) Throwing
 + Level 9.3(14.3) Armour
 + Level 3.9(8.9) Dodging
 + Level 1.8(6.8) Stealth
 + Level 8.6(13.6) Shields
 + Level 1.3 Invocations


You had 10 spell levels left.
You didn't know any spells.
Your spell library contained the following spells:

 Spells                   Type           Power      Damage    Failure   Level
 Slow                     Hex            0%         N/A       90%         1
 Blink                    Tloc           0%         N/A       97%         2
 Lesser Beckoning         Tloc           0%         N/A       97%         2
 Momentum Strike          Conj/Tloc      0%         3d8       97%         2
 Confusing Touch          Hex            0%         N/A       99%         3
 Gell's Gravitas          Tloc           0%         N/A       99%         3
 Teleport Other           Tloc           0%         N/A       99%         3
 Vampiric Draining        Necr           0%         2d6       99%         3
 Vhi's Electric Charge    Tloc/Air       0%         N/A       99%         3
 Arcjolt                  Conj/Air       0%         1d10      100%        5
 Conjure Ball Lightning   Conj/Air       0%         3x3d6     100%        6
 Dispersal                Tloc           0%         N/A       100%        6
 Orb of Destruction       Conj           0%         9d5       100%        7
 Discord                  Hex            0%         N/A       100%        8
 Disjunction              Tloc           0%         N/A       100%        8
 Maxwell's Capacitive Co  Air            0%         ∞         100%        8
 Summon Small Mammal      Summ           Unusable   N/A       N/A         1
 Call Canine Familiar     Summ           Unusable   N/A       N/A         3
 Summon Guardian Golem    Hex/Summ       Unusable   N/A       N/A         3
 Spellforged Servitor     Conj/Summ      Unusable   N/A       N/A         7

Dungeon Overview and Level Annotations

Branches:
Dungeon (11/15)            Temple (1/1) D:5            Lair (0/5) D:11
    Orc (0/2) D:10        Ossuary (visited)          Bailey (visited)

Altars:
Ashenzari
Cheibriados
Dithmenos
Elyvilon
Fedhas
Gozag
Hepliaklqana
Kikubaaqudgha
Makhleb
Nemelex Xobeh
Okawaru
Qazlal
Ru
Sif Muna
Trog
Uskayaw
Vehumet
Wu Jian
Xom
Yredelemnul
Zin
The Shining One

Shops:
D:9 *

Annotations:
D:10 1 runed translucent door, vineage's ghost, journeyman GrFi


Innate Abilities, Weirdness & Mutations

You have a pair of horns on your head.
You reflexively headbutt those who attack you in melee.


Message History

The slime creature hits you.
A cyclops comes into view.
Things that are here:
a +0 dagger; a +0 robe; an orc corpse Unknown command.
You slice the orc priest!!
You kill the orc priest!
Okawaru accepts your kill.
You hit the slime creature.
Lightning courses through the slime creature!
You barely miss the slime creature.
Two slime creatures merge to form a very large slime creature.
The slime creature closely misses you. You furiously retaliate!
You headbutt the slime creature. The orc warrior barely misses you.
The slime creature hits you. The slime creature hits you!
* * * LOW HITPOINT WARNING * * *
The cyclops barely misses you.
Unknown command.
You slash the cyclops!
The cyclops is lightly wounded.
You completely miss the slime creature. You slash the slime creature!
You block the slime creature's attack. You block the orc warrior's attack.
The slime creature hits you but does no damage.
The cyclops hits you!!
* * * LOW HITPOINT WARNING * * *
You slice the cyclops!! You headbutt the cyclops.
The cyclops is severely wounded.
You slash the slime creature!
Lightning courses through the slime creature!
You slice the slime creature!!
You kill the slime creature!
Okawaru accepts your kill.
The slime creature hits you but does no damage.
The orc warrior hits you but does no damage.
Unknown command.
You feel much better. The cyclops hits you!
* * * LOW HITPOINT WARNING * * *
The very large slime creature hits you!
You die...

#............##......#
..............#.^##..#
............#.#..###.#
.JJ........+.#..# .#
.....J.....#...># .#
.####C..#+##...#. .#
#.$.# ...#. ##)JJ##
##.. #.o)@.# #.....C.#
#.......# #......P..#
#.........#
#.....>.....
.............
....P.........


You could see a very large slime creature, 2 slime creatures, 2 cyclopes and an
orc warrior.

Vanquished Creatures
  An orc warlord (Bailey)
  The ghost of Ge0ff the Chiller, a novice DgAr (D:7)
  Psyche (D:9)
  An unseen horror (D:10)
  A queen bee (D:7)
  2 trolls
  A hornet (D:9)
  6 slime creatures (D:11)
  4 dream sheep (D:10)
  A vampire (D:11)
  A wraith (D:10)
  A wyvern (D:10)
  5 yaks (D:10)
  2 steam dragons
  2 wargs (D:11)
  An acid dragon (D:9)
  4 water moccasins
  A sky beast (D:7)
  7 orc warriors
  A black bear (D:6)
  8 centaurs
  3 kobold brigands
  A phantom (D:6)
  3 bullfrogs
  3 scorpions
  22 killer bees
  4 howler monkeys
  2 human zombies (Ossuary)
  4 hounds
  2 jellies
  3 gnoll boudas
  3 orc priests
  7 orc wizards
  4 mummies (Ossuary)
  13 gnolls
  5 adders
  A shadow imp (D:6)
  A white imp (D:7)
  2 ufetubi
  8 worms
  4 dart slugs
  45 orcs
  11 ball pythons
  9 endoplasms
  4 giant cockroaches
  A gnoll zombie (Ossuary)
  11 goblins
  14 hobgoblins
  8 quokkas
  7 bats
  2 frilled lizards (D:1)
  3 goblin zombies (Ossuary)
  28 kobolds
  A kobold zombie (Ossuary)
  An orc zombie (Ossuary)
  7 rats
299 creatures vanquished.

Vanquished Creatures (others)
  A wizard (D:9)
  3 plants (D:10)
4 creatures vanquished.

Grand Total: 303 creatures vanquished

Notes
Turn   | Place    | Note
-------+----------+-------------------------------------------
     0 | D:1      | funkygono the Minotaur Fighter began the quest for the Orb.
     0 | D:1      | Reached XP level 1. HP: 19/19 MP: 0/0
   146 | D:1      | Reached XP level 2. HP: 26/27 MP: 1/1
   728 | D:2      | Reached skill level 3 in Axes
   728 | D:2      | Reached XP level 3. HP: 19/33 MP: 2/2
  1037 | D:2      | Reached XP level 4. HP: 40/40 MP: 3/3
  1214 | D:3      | Reached skill level 1 in Dodging
  1398 | D:3      | Found a faded altar of an unknown god.
  1439 | D:3      | Reached skill level 4 in Axes
  1645 | D:3      | Reached XP level 5. HP: 46/46 MP: 4/4
  2117 | D:3      | Identified the +7 short sword of Ubit {pain, rC+ rCorr
                  | Int+4 Dex+2}
  2426 | D:4      | Reached skill level 5 in Axes
  3027 | D:5      | Entered Level 5 of the Dungeon
  3046 | D:5      | Reached XP level 6. HP: 42/53 MP: 5/5
  3214 | D:5      | You fall into a shaft and drop 1 floor!
  3238 | D:6      | Reached skill level 6 in Axes
  3242 | D:6      | Reached skill level 5 in Armour
  3275 | D:6      | Reached skill level 5 in Fighting
  3275 | D:6      | Reached XP level 7. HP: 54/61 MP: 6/6
  3481 | D:5      | Found a staircase to the Ecumenical Temple.
  3500 | Temple   | Entered the Ecumenical Temple
  3508 | Temple   | Became a worshipper of Warmaster Okawaru
  3823 | D:5      | Reached skill level 7 in Axes
  3974 | D:5      | Upgraded the game from 0.30-a0-1161-g0704695555 to
                  | 0.30-a0-1163-gf69bf04e7a
  4444 | D:6      | Reached * piety under Okawaru
  4453 | D:6      | Reached skill level 8 in Axes
  4535 | D:6      | Reached XP level 8. HP: 68/70 MP: 7/7
  5064 | D:7      | Found an ornate altar of the Wu Jian Council.
  5064 | D:7      | Found an opulent altar of Gozag.
  5072 | D:7      | Reached skill level 9 in Axes
  5075 | D:7      | Found a radiant altar of Vehumet.
  5086 | D:7      | Found a glowing golden altar of the Shining One.
  5090 | D:7      | Found a burning altar of Makhleb.
  5175 | D:7      | Reached ** piety under Okawaru
  5176 | D:7      | Reached skill level 1 in Stealth
  5254 | D:7      | Noticed a queen bee
  5271 | D:7      | Noticed Ge0ff's ghost (novice DgAr)
  5278 | D:7      | Found a transporter.
  5283 | D:7      | Found a transporter.
  5514 | D:7      | Identified the scarf of Fashionability {harm, rC+ Str+3}
  5997 | D:8      | Reached skill level 5 in Shields
  6070 | D:8      | Found a sand-covered staircase.
  6088 | Ossuary  | Entered an ossuary
  6147 | Ossuary  | Reached skill level 10 in Axes
  6337 | D:8      | Found a flagged portal.
  6352 | Bailey   | Entered a bailey
  6357 | Bailey   | Noticed an orc warlord
  6387 | Bailey   | Reached XP level 9. HP: 78/78 MP: 6/8
  6401 | Bailey   | Reached *** piety under Okawaru
  6482 | Bailey   | Found a runed translucent gate.
  6484 | Bailey   | Found a runed translucent gate.
  6486 | Bailey   | Found a runed translucent gate.
  6661 | Bailey   | Killed an orc warlord
  6661 | Bailey   | Received a gift from Okawaru
  6662 | Bailey   | Reached skill level 11 in Axes
  7192 | D:8      | Reached **** piety under Okawaru
  7271 | D:8      | Reached skill level 1 in Invocations
  7271 | D:8      | Reached XP level 10. HP: 88/88 MP: 6/9
  7366 | D:8      | Reached skill level 12 in Axes
  7775 | D:9      | Noticed Psyche
  7792 | D:9      | Killed Psyche
  8108 | D:9      | Found a bloodstained altar of Trog.
  8109 | D:9      | Noticed a wizard
  8114 | D:9      | Killed a wizard
  8195 | D:9      | Reached skill level 13 in Axes
  8208 | D:9      | Found Mil Xoqim's Changing Room.
  8330 | D:9      | Reached skill level 1 in Throwing
  8551 | D:10     | Entered Level 10 of the Dungeon
  8590 | D:10     | Reached ***** piety under Okawaru
  9048 | D:10     | Reached XP level 11. HP: 88/97 MP: 10/10
  9088 | D:10     | Found a runed translucent door.
  9100 | D:10     | Noticed vineage's ghost (journeyman GrFi)
  9377 | D:10     | Found a staircase to the Orcish Mines.
  9635 | D:7      | Killed Ge0ff's ghost
  9635 | D:7      | Identified the +0 plate armour of the Sky {Int+4} (Okawaru
                  | gifted it to you on level 7 of the Dungeon)
  9635 | D:7      | Received a gift from Okawaru
  9636 | D:7      | Reached skill level 14 in Axes
  9808 | D:11     | Found a staircase to the Lair.
  9826 | D:11     | Slain by a very large slime creature

Illustrated notes

Levels and vault maps discovered:
D:1:      amcnicky_arrival_abandoned_market, layout_basic,
          grunt_decor_resistance, minmay_crystal_room,
          minmay_misc_feat_ornament, chequers_serial_rivers_marsh
D:2:      layout_rooms
D:3:      layout_loops_ring, ebering_ecumenical_altar_box, minmay_joined_circles
D:4:      layout_basic, nicolae_wormholes
D:5:      layout_basic, minmay_temple_entry_large_hall
D:6:      layout_basic
D:7:      layout_basic, chequers_temple_overflow_minitemple,
          gammafunk_ghost_hive
D:8:      layout_gridville, enter_bailey_4, enter_ossuary_1
D:9:      layout_basic, trog_wizard, nicolae_transmutations_shop, uniq_psyche
D:10:     layout_stronghold, orc_0_dummy, hellmonk_ghost_big_iron,
          serial_bayou_pond_d, dreamdust_gnoll_shepherd
D:11:     minmay_tri_box, layout_basic, erik_lair_orcish_takeover
Temple:   compressed_dpeg_triangle_lava_temple

Skill      XL: |  1  2  3  4  5  6  7  8  9 10 11 |
---------------+----------------------------------+-----
Armour         | 4 5 6 7 9 |  9.3
Fighting       | 4 5 6 8 9 |  9.9
Axes           | 3 4 5 6 8 10 11 13 14 | 14.5
Shields        | 4 5 6 8 |  8.6
Dodging        | 1 2 3 |  3.9
Stealth        | 1 |  1.8
Invocations    | 1 |  1.3
Throwing       | 2 |  2.0

Action                     |  1- 3 |  4- 6 |  7- 9 | 10-12 || total
---------------------------+-------+-------+-------+-------++-------
  Melee: War axe           |    77 |   147 |   195 |       ||   419
         Headbutt          |     5 |    21 |    32 |    24 ||    82
         Broad axe         |       |       |    22 |   145 ||   167
  Throw: Boomerang         |       |       |       |     4 ||     4
 Invoke: Heroism           |       |       |     5 |     4 ||     9
    Use: Potion            |       |       |     2 |     1 ||     3
         Scroll            |       |       |    20 |     4 ||    24
 Armour: Scale mail        |     8 |       |       |       ||     8
         Chain mail        |    33 |    85 |   112 |    87 ||   317
  Dodge: Dodged            |    34 |    62 |    81 |    64 ||   241
  Block: Buckler           |    17 |    29 |    90 |   107 ||   243
         Reflection        |       |       |     7 |    10 ||    17

Table legend: (Time is in decaauts)
 A = Elapsed time spent in this place.
 B = Non-inter-level travel time spent in this place.
 C = Inter-level travel time spent in this place.
 D = Time resting spent in this place.
 E = Time spent auto-exploring this place.
 F = Levels seen in this place.
 G = Mean time per level.
                   A        B        C        D        E       F      G
               +--------+--------+--------+--------+--------+-----+--------+
         Total |   9963 |   9409 |    554 |    456 |   6804 |  14 |  711.6 |
       Dungeon |   9146 |   8601 |    545 |    456 |   6426 |  11 |  831.5 |
        Temple |    207 |    199 |      8 |      0 |    185 |   1 |  207.0 |
       Ossuary |    244 |    244 |      0 |      0 |     27 |   1 |  244.0 |
        Bailey |    365 |    365 |      0 |      0 |    165 |   1 |  365.0 |
               +--------+--------+--------+--------+--------+-----+--------+

Top non-repeatable levels by time:
     D:8: 1168 daAuts
     D:6: 1094 daAuts
     D:7: 1088 daAuts
    D:10: 1008 daAuts
     D:9: 1002 daAuts
     D:3: 959 daAuts
     D:4: 890 daAuts
     D:1: 848 daAuts
     D:5: 643 daAuts
     D:2: 392 daAuts
  Bailey: 365 daAuts
 Ossuary: 244 daAuts
  Temple: 207 daAuts
    D:11: 49 daAuts
